 Dungeon Crawl Stone Soup version 0.16.1-4-g8e1b745 (webtiles) character file.

121 Zugr the Chopper (level 4, -6/39 HPs)
             Began as a Minotaur Fighter on Mar 27, 2015.
             Killed from afar by a white imp (7 damage)
             ... with a puff of frost
             ... summoned by Natasha
             ... on level 4 of the Dungeon.
             The game lasted 00:05:49 (2304 turns).

Zugr the Chopper (Minotaur Fighter)                 Turns: 2304, Time: 00:05:49

Health: -6/39      AC:  8    Str: 21    XL:     4   Next: 76%
Magic:  2/2        EV:  7    Int:  5    God:
Gold:   151        SH:  9    Dex: 10    Spells: 0 memorised, 3 levels left

rFire  . . .     SeeInvis .     a - +0 war axe
rCold  . . .     Clarity  .     b - +0 scale mail
rNeg   + . .     SustAb   .     c - +0 shield
rPois  .         Gourm    .     (helmet restricted)
rElec  .         Spirit   .     k - +0 cloak
rCorr  .         Warding  +     (no gloves)
rMut   .         Stasis   .     (no boots)
MR     .....                    r - amulet of warding
Stlth  ..........               (no ring)
                                v - ring of loudness (curse)

@: not resistant to hostile enchantments, extremely unstealthy
A: retaliatory headbutt, horns 2
a: no special abilities


You were on level 4 of the Dungeon.
You were not hungry.

You visited 1 branch of the dungeon, and saw 4 of its levels.

You collected 151 gold pieces.

Inventory:

Hand weapons
 a - a +0 war axe (weapon)
Armour
 b - a +0 scale mail (worn)
 c - a +0 shield (worn)
 k - a +0 cloak (worn)
Jewellery
 r - an amulet of warding (around neck)
 v - a cursed ring of loudness (left hand)
Magical devices
 u - a wand of digging (8)
Scrolls
 f - 4 scrolls of identify {unknown}
 h - a scroll of amnesia {unknown}
 i - 2 scrolls of recharging {unknown}
 l - 2 scrolls of noise {unknown}
 s - a scroll of magic mapping {unknown}
Potions
 e - 3 potions of might
 g - a potion of heal wounds {unknown}
 m - a potion of ambrosia {unknown}
 n - a potion of haste {unknown}
 o - a potion of cancellation {unknown}
 p - a potion of curing {unknown}
 t - a potion of poison {unknown}
 w - a potion of brilliance {unknown}
Books
 j - a Grand Grimoire {highlevel, unknown}

   This book is beyond your current level of understanding.

   Spells                             Type                      Level
   a - Aura of Abjuration             Summoning                    6
   b - Summon Greater Demon           Summoning                    7
   c - Malign Gateway                 Summoning/Translocation      7
   d - Summon Horrible Things         Summoning                    8
Comestibles
 d - 5 bread rations
 q - 2 meat rations
 x - a slice of pizza
 z - a chunk of flesh
 A - 4 fruits


   Skills:
 - Level 3.6 Fighting
 + Level 6.1 Axes
 - Level 3.6 Armour
 - Level 3.6 Shields


You had 3 spell levels left.
You didn't know any spells.

Dungeon Overview and Level Annotations

Branches:
Dungeon (4/15)
 Temple: D:4-7

Altars:
Nemelex Xobeh
Ru
Vehumet
Xom
The Shining One

Annotations:
D:1 1 runed door
D:4 Natasha


Innate Abilities, Weirdness & Mutations

You reflexively headbutt those who attack you in melee.
You have a pair of horns on your head.


Message History

You block the white imp's attack. Natasha claws you!
* * * LOW HITPOINT WARNING * * *
You barely miss Natasha. Your headbutt misses Natasha.
Natasha is severely wounded.
You hit the white imp but do no damage.
The white imp is lightly wounded.
The white imp gestures at you. The puff of frost hits you!
* * * LOW HITPOINT WARNING * * *
Natasha claws you but does no damage.
The white imp tries to attack you, but flinches away.
Natasha claws you.
* * * LOW HITPOINT WARNING * * *
You barely miss Natasha.
Natasha is severely wounded.
You hit the white imp but do no damage.
The white imp is lightly wounded.
The white imp gestures at you. The puff of frost hits you!
You die...

. #. ....
....## #....
...## ### #5h#
#.# #@# #.##
#.###..####
#...#..##.# #.
#..#....#..#
#.#
#...#####...##
#..# ##.#
#.#..##...#
#..
#..#......#
....
#..#......# ##
#....)....#


You could see Natasha and a white imp.

Vanquished Creatures
  Robin (D:3)
  3 adders
  A giant mite (D:2)
  A worm (D:3)
  5 giant geckos
  2 orcs (D:3)
  A ball python (D:2)
  8 giant cockroaches
  18 goblins
  5 hobgoblins
  A jackal (D:3)
  A quokka (D:3)
  8 bats
  A giant newt (D:2)
  9 kobolds
  8 rats
73 creatures vanquished.

Notes
Turn   | Place    | Note
--------------------------------------------------------------
     0 | D:1      | Zugr, the Minotaur Fighter, began the quest for the Orb.
     0 | D:1      | Reached XP level 1. HP: 19/19 MP: 1/1
     2 | D:1      | Found a runed door.
   497 | D:1      | Reached XP level 2. HP: 26/26 MP: 1/1
   979 | D:2      | Reached skill level 4 in Axes
  1068 | D:2      | Reached XP level 3. HP: 26/31 MP: 2/2
  1251 | D:2      | Found a sparkling altar of Nemelex Xobeh.
  1252 | D:2      | Found a shimmering altar of Xom.
  1436 | D:3      | Reached skill level 5 in Axes
  1444 | D:3      | Noticed Robin
  1457 | D:3      | Reached XP level 4. HP: 33/39 MP: 2/2
  1465 | D:3      | Killed Robin
  2095 | D:3      | Reached skill level 6 in Axes
  2105 | D:3      | Found a sacrificial altar of Ru.
  2105 | D:3      | Found a glowing golden altar of the Shining One.
  2106 | D:3      | Found a radiant altar of Vehumet.
  2295 | D:4      | Noticed Natasha
  2303 | D:4      | HP: 1/39 [Natasha (5)]
  2304 | D:4      | Killed from afar by a white imp

Action                   |  1- 3 |  4- 6 || total
-------------------------+-------+-------++-------
Melee: War axe           |    91 |    65 ||   156
  Eat: Chunk             |     2 |     3 ||     5
